 Dungeon Crawl Stone Soup version 0.28.0-47-ge53b351184 (webtiles) character file.

Game seed: 16450880505631028765

224 Allula97 the Skirmisher (level 5, -1/42 HPs)
             Began as a Demonspawn Fighter on Apr 28, 2022.
             Slain by a bullfrog zombie (4 damage)
             ... in an ossuary.
             The game lasted 00:06:22 (3279 turns).

Allula97 the Skirmisher (Demonspawn Fighter)        Turns: 3279, Time: 00:06:23

Health: -1/42      AC:  8    Str: 16    XL:     5   Next: 67%
Magic:  1/1        EV:  9    Int:  9    God:
Gold:   131        SH:  5    Dex: 15    Spells: 4/4 levels left

rFire   . . .      SeeInvis .   h - +3 war axe (antimagic)
rCold   . . .      Faith    .   c - +0 buckler
rNeg    . . .      Spirit   .   b - +0 scale mail
rPois   +          Reflect  .   (helmet restricted)
rElec   .          Harm     .   a - +0 cloak
rCorr   .          Rampage  .   (no gloves)
Will    .....                   (no boots)
Stlth   ..........              (no amulet)
HPRegen 0.14/turn               (no ring)
MPRegen 0.07/turn               (no ring)

@: slowed, very slow
A: antennae 1, poison resistance, evolution 2, MP-powered wands
a: no special abilities


You were in an ossuary.
You visited 1 branch of the dungeon, and saw 4 of its levels.
You also visited: Ossuary.

You collected 131 gold pieces.

Inventory:

Hand Weapons
 h - a +3 antimagic war axe (weapon)
Missiles
 d - 3 poisoned darts
 e - 5 curare-tipped darts (quivered)
Armour
 a - a +0 cloak (worn)
 b - a +0 scale mail (worn)
 c - a +0 buckler (worn)
Scrolls
 f - 3 scrolls of teleportation
Potions
 i - a potion of resistance


   Skills:
 * Level 3.7 Fighting
 * Level 3.3 Axes
 * Level 3.5 Armour
 * Level 1.5 Dodging
 * Level 3.4 Shields


You had 4 spell levels left.
You didn't know any spells.
Your spell library contained the following spells:

 Spells                   Type           Power      Damage    Failure   Level
 Foxfire                  Conj/Fire      0%         2x1d4     88%         1
 Magic Dart               Conj           0%         1d3       88%         1
 Shock                    Conj/Air       0%         1d3       88%         1
 Call Imp                 Summ           0%         N/A       96%         2
 Conjure Flame            Conj/Fire      0%         6-21      99%         3
 Dazzling Flash           Conj/Hex       0%         N/A       99%         3
 Inner Flame              Hex/Fire       0%         N/A       99%         3
 Mephitic Cloud           Conj/Pois/Air  0%         N/A       99%         3
 Swiftness                Air            0%         N/A       99%         3
 Airstrike                Air            0%         N/A       100%        4
 Flame Wave               Conj/Fire      0%         2d4       100%        4
 Iskenderun's Mystic Bla  Conj/Tloc      0%         2d3       100%        4
 Starburst                Conj/Fire      0%         6d3       100%        6


Dungeon Overview and Level Annotations

Branches:
Dungeon (4/15)            Ossuary (1/1)
 Temple: D:4-7

Altars:


Innate Abilities, Weirdness & Mutations

You have a pair of small antennae on your head.
Your system is resistant to poisons. (rPois)
You have great hidden genetic potential.
You expend magic power (3 MP) to strengthen your wands.


Message History

You feel strangely unstable.
The water moccasin zombie bites you but does no damage.
You slash the water moccasin zombie!
The water moccasin zombie is heavily damaged.
You hit the withered plant.
The withered plant begins to crumble.
The water moccasin zombie closely misses you.
The water moccasin zombie bites you.
* * * LOW HITPOINT WARNING * * *
You hit the water moccasin zombie.
The water moccasin zombie is heavily damaged.
You slash the withered plant!
Your surroundings suddenly seem different.
A howler monkey zombie comes into view.
You block the howler monkey zombie's attack.
The bullfrog zombie closely misses you. The howler monkey zombie hits you.
* * * LOW HITPOINT WARNING * * *
You hit the bullfrog zombie.
The bullfrog zombie is lightly damaged.
You slash the howler monkey zombie! The bullfrog zombie hits you.
* * * LOW HITPOINT WARNING * * *
The bullfrog zombie hits you but does no damage.
You block the howler monkey zombie's attack.
The bullfrog zombie hits you but does no damage.
The howler monkey zombie hits you but does no damage.
You hit the howler monkey zombie.
The howler monkey zombie is moderately damaged.
You slash the bullfrog zombie! You block the bullfrog zombie's attack.
The howler monkey zombie hits you but does no damage.
The bullfrog zombie barely misses you.
The howler monkey zombie hits you but does no damage.
You feel a genetic drift.
You feel your magical essence link to the dungeon's wands.
You barely miss the howler monkey zombie.
The howler monkey zombie is moderately damaged.
You slash the bullfrog zombie!
The bullfrog zombie hits you but does no damage.
The bullfrog zombie closely misses you.
The howler monkey zombie barely misses you.
The bullfrog zombie hits you.
You die...

#≈ ≈# #. . #≈#≈
#≈M.## ###.≈#≈
...M. # #####
#####.≈##≈≈#
#...# #∩..#≈.P≈#
#.@Z# #.∩.#≈Z#≈#
#.Z.# #...#≈.P##
##'##'##≈##≈M#≈≈
..≈≈≈≈M.≈≈M≈.P#≈
#≈≈.≈.≈≈≈.#≈≈≈#≈#
#.#.#.#P#.#.≈≈# #
###≈≈#≈≈#≈###≈≈≈
#≈≈≈#≈#≈≈ ≈#
###≈#≈#≈≈# ≈


You could see a bullfrog zombie and a howler monkey zombie.

Vanquished Creatures
  Crazy Yiuf (D:2)
  3 mummies (Ossuary)
  A gnoll (D:3)
  6 adders
  2 dart slugs
  An orc (D:3)
  7 endoplasms
  2 giant cockroaches
  10 goblins
  6 hobgoblins
  5 kobolds
  2 quokkas (D:1)
  7 ball pythons
  4 bats (D:2)
  3 frilled lizards (D:3)
  3 rats
63 creatures vanquished.

Vanquished Creatures (others)
  5 withered plants (Ossuary)
5 creatures vanquished.

Grand Total: 68 creatures vanquished

Notes
Turn   | Place    | Note
-------+----------+-------------------------------------------
     0 | D:1      | Allula97 the Demonspawn Fighter began the quest for the
                  | Orb.
     0 | D:1      | Reached XP level 1. HP: 18/18 MP: 1/1
   373 | D:1      | Gained mutation: You have a pair of small antennae on your
                  | head. [demonic ancestry]
   373 | D:1      | Reached XP level 2. HP: 18/24 MP: 2/2
   987 | D:2      | Reached XP level 3. HP: 18/29 MP: 3/3
  1366 | D:2      | Found a runed translucent door.
  1367 | D:2      | Noticed Crazy Yiuf
  1376 | D:2      | Killed Crazy Yiuf
  1377 | D:2      | Reached skill level 1 in Dodging
  1377 | D:2      | Reached XP level 4. HP: 5/35 MP: 1/4
  2369 | D:3      | Gained mutation: You have hidden genetic potential. [potion
                  | of mutation]
  2369 | D:3      | Gained mutation: Your system is resistant to poisons.
                  | (rPois) [potion of mutation]
  2369 | D:3      | Gained mutation: You have great hidden genetic potential.
                  | [potion of mutation]
  2607 | D:3      | Reached XP level 5. HP: 10/41 MP: 1/5
  3237 | D:4      | Found a sand-covered staircase.
  3251 | Ossuary  | Entered an ossuary
  3277 | Ossuary  | HP: 2/42 [bullfrog zombie (4)]
  3278 | Ossuary  | Gained mutation: You expend magic power (3 MP) to
                  | strengthen your wands. [hidden potential]
  3279 | Ossuary  | Slain by a bullfrog zombie

Illustrated notes

Levels and vault maps discovered:
D:1:      heliophobic_arrival_glass_houses, layout_basic,
          kennysheep_another_room
D:2:      layout_loops_ring, uniq_crazy_yiuf_cottage
D:3:      layout_loops_ring, skrybe_limestone_x, minmay_statues_item,
          minmay_cupped
D:4:      layout_loops_ring, nicolae_ossuary_entry_monument, minmay_bent,
          uniq_duvessa, uniq_sigmund, uniq_robin, uniq_blork_the_orc
Ossuary:  ossuary_zaba_flooded

Skill      XL: |  1  2  3  4 |
---------------+-------------+-----
Axes           | 2 3 |  3.3
Shields        | 3 |  3.4
Armour         | 3 |  3.5
Dodging        | 1 |  1.5
Fighting       | |  3.7

Action                   |  1- 3 |  4- 6 || total
-------------------------+-------+-------++-------
Melee: War axe           |    90 |   102 ||   192
  Use: Scroll            |       |     7 ||     7
       Potion            |       |     3 ||     3
Armor: Scale mail        |    37 |    59 ||    96
Dodge: Dodged            |    42 |    48 ||    90
Block: Buckler           |    20 |    28 ||    48
